 Dungeon Crawl Stone Soup version 0.32-a0-818-gb728d0252e (webtiles) character file.

Game seed: 6059168504929058060

6076 Lanoc the Skirmisher (level 10, -1/80 HPs)
             Began as a Coglin Hunter on Mar 24, 2024.
             Was a Believer of Qazlal.
             Slain by Sonja
             ... wielding a +0 dagger of venom
              (5 damage)
             ... on level 10 of the Dungeon.
             The game lasted 00:14:46 (9617 turns).

Lanoc the Skirmisher (Coglin Hunter)                Turns: 9617, Time: 00:14:47

Health: -1/80      AC: 29    Str: 13    XL:     10   Next: 88%
Magic:  10/10      EV:  9    Int:  8    God:    Qazlal [**....]
Gold:   49         SH:  2    Dex: 21    Spells: 9/9 levels left

rFire   . . .        a - +2 sling {Qiu}
rCold   . . .        d - +0 sling {Zihan}
rNeg    . . .        H - +18 Lear's hauberk
rPois   .            (helmet currently unavailable)
rElec   .            I - +2 cloak
rCorr   .            (gloves currently unavailable)
SInv    .            (boots currently unavailable)
Will    .....        (amulet unavailable) Stlth
                     (ring unavailable)
HPRegen 0.33/turn    (ring unavailable)
MPRegen 0.12/turn    (no gizmo)

%: no passive effects
@: lethally poisoned (-1 -> -34), slowed, revved, very slow
A: off-hand wielding, slow wielding, warmup strikes, no jewellery
a: Invent Gizmo, Renounce Religion, Upheaval


You were on level 10 of the Dungeon.
You worshipped Qazlal.
Qazlal was pleased with you.
You visited 2 branches of the dungeon, and saw 11 of its levels.

You collected 454 gold pieces.
You spent 405 gold pieces at shops.

Inventory:

Hand Weapons
 a - a +2 sling (weapon) {Qiu}
 d - a +0 sling (offhand) {Zihan}
 p - the +5 orcbow of Cataclysm {speed, ^Drain rElec MP+9 Dex+4}
   (You found it on level 8 of the Dungeon)

   Dex+4:     It affects your dexterity (+4).
   rElec:     It insulates you from electricity.
   MP+9:      It affects your magic capacity (+9).
   ^Drain:    It drains your maximum health when unequipped.
 A - the +12 hand axe of the Tent {spect, rC+}
   (You found it on level 6 of the Dungeon)

   rC+:       It protects you from cold.
Missiles
 x - 3 curare-tipped darts
Armour
 l - a +1 hat
 E - a +2 leather armour of fire resistance
 H - the +18 Lear's hauberk (worn)
   (You found it on level 9 of the Dungeon)
 I - a +2 cloak (worn)
Wands
 C - a wand of flame (37)
 D - a wand of polymorph (9)
Scrolls
 b - a scroll of butterflies
 c - a scroll of silence {unknown}
 e - a scroll of torment {unknown}
 f - 2 scrolls of poison {unknown}
 h - 9 scrolls of teleportation
 i - 2 scrolls of vulnerability {unknown}
 k - a scroll of enchant armour {unknown}
 n - 4 scrolls of amnesia {unknown}
 t - 3 scrolls of fear
 u - 2 scrolls of enchant weapon {unknown}
 v - 6 scrolls of identify
 w - a scroll of blinking {unknown}
 y - 2 scrolls of noise {unknown}
 J - 3 scrolls of immolation
Potions
 g - 2 potions of curing {unknown}
 j - 4 potions of ambrosia
 m - 2 potions of haste {unknown}
 o - 2 potions of enlightenment
 q - a potion of magic
 r - a potion of lignification {unknown}
 s - 3 potions of invisibility {unknown}
 z - 3 potions of attraction {unknown}
 B - a potion of resistance {unknown}
 F - a potion of heal wounds
 G - a potion of might {unknown}


   Skills:
 + Level 8.2 Fighting
 * Level 11.0 Ranged Weapons
 + Level 1.6 Armour
 + Level 7.5 Dodging
 - Level 0.7 Stealth


You had 9 spell levels left.
You didn't know any spells.
Your spell library contained the following spells:

 Spells                   Type           Power      Damage    Failure   Level
 Sting                    Conj/Alch      0%         1d3       100%        1
 Blink                    Tloc           0%         N/A       100%        2
 Lesser Beckoning         Tloc           0%         N/A       100%        2
 Mercury Vapours          Alch/Air       0%         N/A       100%        2
 Momentum Strike          Conj/Tloc      0%         3d8       100%        2
 Gell's Gravitas          Tloc           0%         N/A       100%        3
 Teleport Other           Tloc           0%         N/A       100%        3
 Olgreb's Toxic Radiance  Alch           0%         N/A       100%        4
 Dispersal                Tloc           0%         N/A       100%        6


Dungeon Overview and Level Annotations

Branches:
Dungeon (10/15)            Temple (1/1) D:6
   Lair: D:8-11         Orc: D:9-12

Altars:
Ashenzari
Cheibriados
Elyvilon
Fedhas
Gozag
Hepliaklqana
Kikubaaqudgha
Makhleb
Nemelex Xobeh
Okawaru
Qazlal
Ru
Sif Muna
Trog
Uskayaw
Vehumet
Wu Jian
Xom
Yredelemnul
Zin
The Shining One

Shops:
D:9 ?

Annotations:
D:8 1 runed translucent door, FlatIsJustice's ghost, novice FoFi
D:10 Sonja
Temple 2 transporters


Innate Abilities, Weirdness & Mutations

You can wield a second weapon in your off-hand.
It takes a long time for you to wield or remove held weapons.
Your first few attacks do less damage.
You cannot equip rings or amulets.


Message History

You feel very sick.
Sonja hits you with a +0 dagger of venom.
You are more poisoned.
Sonja hits you but does no damage. x2
You are more poisoned.
You shoot a sling bullet. The sling bullet misses Sonja.
You shoot a sling bullet. The sling bullet barely misses Sonja.
You feel extremely sick.
Sonja casts a spell.
Sonja blinks!
Sonja shouts, "Hah!
Missed me again!"
You are too injured to fight recklessly!
Fire: a) +2 sling {Qiu}
Press: ? - help, Q - select action, (/) - cycle Shift-Dir - straight line, f/p - Sonja
Aim: Sonja, wielding a +0 dagger of venom and quivering curare-tipped darts (heavily wounded, 34% to hit)
You shoot a sling bullet. The sling bullet hits Sonja.
Sonja is heavily wounded.
You shoot a sling bullet. The sling bullet hits Sonja!
Sonja is almost dead.
You feel extremely sick. Sonja hits you but does no damage.
You are more poisoned.
Sonja misses you. Sonja closely misses you.
Sonja hits you with a +0 dagger of venom.
* * * LOW HITPOINT WARNING * * *
You are lethally poisoned!
Sonja hits you with a +0 dagger of venom.
* * * LOW HITPOINT WARNING * * *
Sonja hits you but does no damage.
You are more poisoned.
Sonja closely misses you. Sonja hits you but does no damage.
You are more poisoned.
Sonja completely misses you.
It was a potion of magic.
Magic courses through your body.
* * * LOW HITPOINT WARNING * * *
You feel extremely sick.
Sonja hits you but does no damage. x2; Sonja barely misses you.
Sonja hits you with a +0 dagger of venom.
You die...
Sonja applauds herself.

######
.....#######
#.......#
####.##.##.#######
..##.#.#.........#
#.............##.#
....#########.##K#
....#!:?/?!)#.##@#
....#########.##.#
....# #.##.# ....#
#.##.# .......
...... ........
..# .#.#.... ...
.#.#.... .#.. ##.#
...


You could see Sonja.

Vanquished Creatures
  2 kobold demonologists (D:9)
  A hornet (D:9)
  2 wyverns
  5 yaks (D:9)
  Grum (D:8)
  A steam dragon (D:8)
  6 water moccasins
  3 ice beasts
  3 orc warriors
  4 ogres
  3 wolves (D:8)
  A phantom (D:3)
  8 kobold brigands
  3 bullfrogs
  6 scorpions
  A gnoll sergeant (D:9)
  3 wights (D:8)
  5 killer bees (D:9)
  5 hounds
  A jelly (D:7)
  A sleepcap (D:5)
  2 orc priests
  3 iguanas
  5 orc wizards
  8 gnolls
  6 adders
  A white imp (D:8)
  4 ufetubi
  2 dart slugs
  3 ribbon worms
  28 orcs
  6 endoplasms
  2 giant cockroaches
  5 goblins
  6 hobgoblins
  A jackal (D:4)
  4 quokkas
  9 ball pythons
  6 bats
  6 frilled lizards
  22 kobolds
  5 rats
199 creatures vanquished.

Notes
Turn   | Place    | Note
-------+----------+-------------------------------------------
     0 | D:1      | Lanoc the Coglin Hunter began the quest for the Orb.
     0 | D:1      | Reached XP level 1. HP: 16/16 MP: 1/1
   198 | D:1      | Reached XP level 2. HP: 22/22 MP: 2/2
   361 | D:1      | Reached skill level 4 in Ranged Weapons
   452 | D:1      | Reached XP level 3. HP: 28/28 MP: 3/3
  1005 | D:2      | Found a broken altar of Ashenzari.
  1267 | D:2      | Reached XP level 4. HP: 34/34 MP: 4/4
  1762 | D:3      | Reached XP level 5. HP: 27/41 MP: 5/5
  1893 | D:3      | Found a sacrificial altar of Ru.
  1962 | D:3      | Noticed a phantom
  1978 | D:3      | Killed a phantom
  1979 | D:3      | Reached skill level 5 in Ranged Weapons
  1979 | D:3      | Reached XP level 6. HP: 13/47 MP: 6/6
  3049 | D:4      | Reached XP level 7. HP: 43/53 MP: 7/7
  3353 | D:4      | Reached skill level 6 in Ranged Weapons
  3839 | D:5      | Entered Level 5 of the Dungeon
  4032 | D:5      | Reached XP level 8. HP: 54/61 MP: 8/8
  4165 | D:5      | Reached skill level 7 in Ranged Weapons
  4648 | D:5      | Reached skill level 5 in Fighting
  5206 | D:6      | Reached skill level 5 in Dodging
  5329 | D:6      | Reached skill level 8 in Ranged Weapons
  5412 | D:6      | Identified the +12 hand axe of the Tent {spect, rC+}
  5620 | D:6      | Found a staircase to the Ecumenical Temple.
  5631 | Temple   | Found a transporter.
  5631 | Temple   | Found a transporter.
  5631 | Temple   | Found a transporter.
  5631 | Temple   | Found a transporter.
  5631 | Temple   | Entered the Ecumenical Temple
  5650 | Temple   | Became a worshipper of Qazlal Stormbringer
  5696 | D:6      | Reached XP level 9. HP: 69/69 MP: 9/9
  6728 | D:8      | Reached skill level 9 in Ranged Weapons
  6755 | D:8      | Found a runed translucent door.
  6756 | D:8      | Noticed FlatIsJustice's ghost (novice FoFi)
  6889 | D:8      | Noticed Grum
  6907 | D:8      | Killed Grum
  7311 | D:8      | Reached * piety under Qazlal
  7336 | D:8      | Found an ornate altar of the Wu Jian Council.
  7337 | D:8      | Found a blossoming altar of Fedhas.
  7337 | D:8      | Found a glowing silver altar of Zin.
  7341 | D:8      | Found an iron altar of Okawaru.
  7341 | D:8      | Found a white marble altar of Elyvilon.
  7345 | D:8      | Reached XP level 10. HP: 79/79 MP: 10/10
  7346 | D:8      | Found a hazy altar of Hepliaklqana.
  7348 | D:8      | Found a glowing golden altar of the Shining One.
  7369 | D:8      | Identified the +5 orcbow of Cataclysm {speed, ^Drain rElec
                  | MP+9 Dex+4}
  7837 | D:9      | Noticed a kobold demonologist
  7868 | D:9      | Killed a kobold demonologist
  7869 | D:9      | Reached skill level 10 in Ranged Weapons
  7892 | D:9      | Noticed a kobold demonologist
  7915 | D:9      | Noticed a soul eater
  7918 | D:9      | Killed a kobold demonologist
  8481 | D:9      | Found the +18 Lear's hauberk
  8732 | D:9      | Found a burning altar of Makhleb.
  8951 | D:9      | Reached ** piety under Qazlal
  8952 | D:9      | Found a hazy altar of Hepliaklqana.
  9133 | D:9      | Reached skill level 1 in Armour
  9324 | D:9      | Reached skill level 11 in Ranged Weapons
  9548 | D:9      | Found Viw Xutt's Magic Scroll Emporium.
  9551 | D:9      | Bought a scroll of immolation for 60 gold pieces
  9551 | D:9      | Bought a scroll of teleportation for 45 gold pieces
  9551 | D:9      | Bought a scroll of identify for 30 gold pieces
  9551 | D:9      | Bought a scroll of teleportation for 45 gold pieces
  9551 | D:9      | Bought a scroll of teleportation for 45 gold pieces
  9551 | D:9      | Bought a scroll of immolation for 60 gold pieces
  9551 | D:9      | Bought a scroll of immolation for 60 gold pieces
  9551 | D:9      | Bought a scroll of fear for 60 gold pieces
  9586 | D:10     | Entered Level 10 of the Dungeon
  9609 | D:10     | Noticed Sonja
  9617 | D:10     | HP: 4/80 [poisoned by Sonja]
  9617 | D:10     | Slain by Sonja

Illustrated notes

Levels and vault maps discovered:
D:1:      kilobyte_arrival_exit_the_forest, layout_rooms
D:2:      layout_basic, basic_altar, minmay_misc_feat_tower,
          kennysheep_minor_cross, nicolae_concentric_dashed_squares_mild
D:3:      layout_loops_corners, nicolae_overflow_crystal_walls
D:4:      layout_basic, kennysheep_dice
D:5:      layout_basic, hex_large
D:6:      layout_basic, minmay_temple_entry_statues_fountains,
          ebering_dispersal_statue_hall
D:7:      layout_gridville
D:8:      layout_basic, grunt_temple_overflow_open,
          hellmonk_ghost_happy_afterlife, chequers_serial_rivers_small_3,
          blue_anna_alchemist, glass_columns_a, uniq_grum
D:9:      layout_stronghold, serial_shops, nicolae_shop_rolled_up,
          minmay_stone_trees_large, hangedman_feature_mirror,
          kennysheep_generic_room_14
D:10:     layout_loops_cross, nicolae_dithmenos_the_darkroom,
          minmay_orc_entry_temple_small, nicolae_shop_unique_rings,
          onia_ninara_dug_in_and_dangerous, uniq_sonja, uniq_harold
Temple:   hellmonk_temple_divided_pantheon

Skill      XL: |  1  2  3  4  5  6  7  8  9 10 |
---------------+-------------------------------+-----
Dodging        | 2 3 4 5 6 7 |  7.5
Ranged Weapons | 4 5 6 8 9 11 | 11.0
Fighting       | 3 4 5 7 8 |  8.2
Armour         | 1 |  1.6
Stealth        | |  0.7

Action                     |  1- 3 |  4- 6 |  7- 9 | 10-12 || total
---------------------------+-------+-------+-------+-------++-------
   Fire: Sling             |   150 |   212 |   760 |   444 ||  1566
    Use: Potion            |       |       |     4 |     1 ||     5
 Armour: Leather armour    |     5 |    25 |   101 |    42 ||   173
         Chain mail        |       |       |       |   148 ||   148
  Dodge: Dodged            |     5 |    21 |   125 |   125 ||   276
  Block: Other             |       |       |       |    11 ||    11

Table legend: (Time is in decaauts)
 A = Elapsed time spent in this place.
 B = Non-inter-level travel time spent in this place.
 C = Inter-level travel time spent in this place.
 D = Time resting spent in this place.
 E = Time spent auto-exploring this place.
 F = Levels seen in this place.
 G = Mean time per level.
                   A        B        C        D        E       F      G
               +--------+--------+--------+--------+--------+-----+--------+
         Total |   9729 |   9453 |    276 |    200 |   7870 |  11 |  884.5 |
       Dungeon |   9693 |   9426 |    267 |    200 |   7870 |  10 |  969.3 |
        Temple |     36 |     27 |      9 |      0 |      0 |   1 |   36.0 |
               +--------+--------+--------+--------+--------+-----+--------+

Top non-repeatable levels by time:
     D:9: 1821 daAuts
     D:8: 1475 daAuts
     D:3: 1202 daAuts
     D:4: 1151 daAuts
     D:6: 1007 daAuts
     D:5: 1003 daAuts
     D:2: 806 daAuts
     D:1: 727 daAuts
     D:7: 459 daAuts
    D:10: 37 daAuts
  Temple: 36 daAuts
